 Dungeon Crawl Stone Soup version 0.20.0-15-g7f486f2 (webtiles) character file.

63 Zachthehappycat the Chiller (level 3, -2/19 HPs)
             Began as a Deep Elf Ice Elementalist on June 27, 2017.
             Slain by a hound (3 damage)
             ... on level 4 of the Dungeon.
             The game lasted 00:18:41 (3731 turns).

Zachthehappycat the Chiller (DEIE)                  Turns: 3731, Time: 00:18:42

Health: -2/19      AC: 10    Str:  5    XL:     3   Next: 87%
Magic:  10/10      EV:  6    Int: 25    God:
Gold:   31         SH:  4    Dex: 15    Spells: 9/10 levels left

rFire    . . .     SeeInvis .   c - +0 flail
rCold    . . .     Gourm    .   (no shield)
rNeg     . . .     Faith    .   t - +0 scale mail
rPois    .         Spirit   .   (no helmet)
rElec    .         Reflect  +   (no cloak)
rCorr    .         Harm     .   (no gloves)
MR       .....                  (no boots)
Stlth    +.........             g - +4 amulet of reflection
Regen    0.1/turn               d - +5 ring of intelligence
MPRegen  0.2/turn               p - +4 ring of protection

@: no status effects
A: no striking features
a: no special abilities


You were on level 4 of the Dungeon.
You were not hungry.

You visited 1 branch of the dungeon, and saw 4 of its levels.

You collected 31 gold pieces.

Inventory:

Hand Weapons
 c - a +0 flail (weapon)
 f - a +0 hunting sling
 l - a +0 short sword
 m - a +0 club
 n - a +0 rapier
 r - a +0 dagger
Missiles
 e - 28 arrows
 h - 54 stones (quivered)
Armour
 a - a +0 robe
 i - a +0 robe
 s - a +0 robe
 t - a +0 scale mail (worn)
Jewellery
 d - a +5 ring of intelligence (left hand)
 g - a +4 amulet of reflection (around neck)
 p - a +4 ring of protection (right hand)
Wands
 j - a wand of random effects (46/48)
Scrolls
 o - a scroll of fear
Potions
 k - a potion of invisibility {unknown}
 q - 2 potions of degeneration {unknown}
Books
 b - a book of Frost

   Spells                             Type                      Level
   a - Freeze                         Ice                          1
   b - Throw Frost                    Conjuration/Ice              2
   c - Ozocubu's Armour               Charms/Ice                   3
   d - Throw Icicle                   Conjuration/Ice              4
   e - Summon Ice Beast               Ice/Summoning                4


   Skills:
 + Level 0.2 Fighting
 + Level 2.9 Dodging
 + Level 2.9 Stealth
 + Level 4.0 Spellcasting
   Level 1.1 Conjurations
 + Level 4.1 Ice Magic


You had 9 spell levels left.
You knew the following spells:

 Your Spells              Type           Power        Failure   Level  Hunger
a - Freeze                Ice            ####         38%         1    None


Dungeon Overview and Level Annotations

Branches:
Dungeon (4/15)
 Temple: D:4-7

Altars:
Xom


Message History

The hound stops to sniff the ground.
The hound bites you but does no damage. x2
Your scale mail prevents you from hitting the hound.
The hound is severely wounded.
The hound bites you but does no damage. x2
You miss the hound.
The hound is severely wounded.
You block the hound's attack. The hound bites you but does no damage.
You closely miss the hound.
The hound is severely wounded.
The hound closely misses you. The hound bites you but does no damage.
Your scale mail prevents you from hitting the hound.
The hound is severely wounded.
The hound bites you but does no damage. The hound barely misses you.
You barely miss the hound.
The hound is severely wounded.
The hound bites you but does no damage. The hound bites you.
* * * LOW HITPOINT WARNING * * *
The hound bites you.
You die...

#.# #.### #...(# #...
#....# ####.#############
##....###
.................. ........
.....#####.#########.#....#
.....# #.#.........#....#
.....# #.#.###....##..%.#
.....## #......@h.....#
.##...# ###.###....####
.##...# #.# #....# ......#
#.# #....# .#....# #.#
#....# #....######.# #....#
##...........# #....#
......######## #....#
####.##


You could see a hound.

Vanquished Creatures
  Terence (D:2)
  An adder (D:3)
  An ooze (D:1)
  A leopard gecko (D:3)
  A ball python (D:4)
  4 bats
  A goblin (D:1)
  3 hobgoblins
  2 frilled lizards (D:2)
  5 kobolds
  5 rats
25 creatures vanquished.

Notes
Turn   | Place    | Note
-------+----------+-------------------------------------------
     0 | D:1      | Zachthehappycat the Deep Elf Ice Elementalist began the quest for the Orb.
     0 | D:1      | Reached XP level 1. HP: 10/10 MP: 6/6
    62 | D:2      | Found a shimmering altar of Xom.
   326 | D:1      | Reached XP level 2. HP: 11/15 MP: 5/8
   634 | D:2      | Noticed Terence
   640 | D:2      | Killed Terence
   640 | D:2      | Reached XP level 3. HP: 5/19 MP: 1/10
  3731 | D:4      | Slain by a hound

Skill      XL: |  1  2  3 |
---------------+----------+-----
Ice Magic      | 4 |  4.1
Spellcasting   | 4 |  4.0
Fighting       | |  0.2
Dodging        | |  2.9
Stealth        | |  2.9
Conjurations   | |  1.1

Action                   || total
-------------------------++-------
Melee: Rapier            ||     5
       Unarmed           ||     3
       Flail             ||    49
       Short sword       ||    10
 Fire: Hunting sling     ||     1
 Cast: Freeze            ||    27
  Use: Scroll            ||     7
  Eat: Bread ration      ||     1
       Meat ration       ||     1
Armor: Robe              ||     4
       Scale mail        ||    60
Dodge: Dodged            ||    57
Block: Other             ||    12
